 Dungeon Crawl Stone Soup version 0.16-a0-4088-g7c8221e (console) character file.

95 MarvinPA the Covered (level 4, 32/32 HPs)
             Began as a Demonspawn Wanderer on Feb 22, 2015.
             Quit the game on level 2 of the Dungeon on Feb 23, 2015.
             The game lasted 00:12:48 (2341 turns).

MarvinPA the Covered (Demonspawn Wanderer)          Turns: 2341, Time: 00:12:48

Health: 32/32      AC:  7    Str: 12    XL:     4   Next: 40%
Magic:  8/8        EV: 10    Int: 14    God:
Gold:   57         SH:  0    Dex: 13    Spells: 3 memorised, 3 levels left

rFire  . . .     SeeInvis .     a - +5 short sword (flame)
rCold  . . .     Clarity  .     c - +0 ring mail
rNeg   + . .     SustAb   .     (no shield)
rPois  .         Gourm    .     r - +1 helmet
rElec  .         Spirit   .     (no cloak)
rCorr  .         Warding  .     (no gloves)
rMut   .         Stasis   .     (no boots)
MR     .....                    (no amulet)
Stlth  +.........               q - ring of positive energy
                                p - ring of wizardry

@: not resistant to hostile enchantments, very unstealthy
A: powered by death 1
a: no special abilities


You were on level 2 of the Dungeon.
You were not hungry.

You visited 1 branch of the dungeon, and saw 2 of its levels.

You collected 57 gold pieces.


Innate Abilities, Weirdness & Mutations

You can steal the life force of nearby defeated enemies.


   Skills:
 - Level 1.0 Fighting
   Level 1.0 Crossbows
 - Level 2.6 Armour
 - Level 1.0 Stealth
 + Level 2.6 Spellcasting
 + Level 2.6 Conjurations
   Level 2.0 Hexes
 - Level 1.0 Summonings
   Level 1.0 Evocations


You had 3 spell levels left.
You knew the following spells:

 Your Spells              Type           Power        Failure   Level  Hunger
c - Call Imp              Summ           #.......     26%         2    ###....
x - Searing Ray           Conj           #.....       12%         2    ###....
z - Magic Dart            Conj           #...         9%          1    #......

Inventory:

Hand weapons
 a - a +5 short sword of flaming (weapon)
Armour
 c - a +0 ring mail (worn)
 r - a +1 helmet (worn)
Jewellery
 p - a ring of wizardry (left hand)
 q - a ring of positive energy (right hand)
Scrolls
 e - a scroll of immolation {unknown}
 i - a scroll of fog {unknown}
 j - 2 scrolls of teleportation {unknown}
 k - 4 scrolls of identify {unknown}
Potions
 d - a potion of curing {unknown}
 g - a potion of restore abilities {unknown}
 l - 2 potions of might {unknown}
 m - a potion of brilliance {unknown}
Books
 b - the Incunabulum of Attacks

   Spells                             Type                      Level
   a - Throw Frost                    Conjuration/Ice              2
   b - Searing Ray                    Conjuration                  2
 o - a book of Minor Magic
Comestibles
 f - 2 bread rations
 h - 2 meat rations
 n - 3 chunks of flesh

Dungeon Overview and Level Annotations

Branches:
Dungeon (2/15)

Altars:

g.g....#.....##..#
#.# #
########.....##..#
#.# # # #.....##..#
#.# #
########.#.####..#
#.# # .........#.#
##.# #.# #
##########.# #.#
#.####### #....#
#.# ##.#####
#........ #.##.#
#.#
#......############
#.##)# #.#
#.6........†.......
#.##.# #.#
#......##..(..[.###
##.##.# #.#
#......##..........
#.....###.#
#......##.......###
#.........##
#......##.......# #
#..........#
##############.## #
#........[.#####
#.# #
#..............#
#.####
##.....###[....#
#.#..#


There were no monsters in sight!


Message History

Terence is severely wounded.
Your magical contamination has completely faded away.
You closely miss Terence.
Terence is severely wounded.
Terence hits you but does no damage.
You hit Terence. You burn Terence.
You kill Terence!
Things that are here:
a mace of protection; a scale mail; the human corpse of Terence You start resting.
You feel less regenerative.
You butcher the human corpse of Terence.
n - 3 chunks of flesh (gained 2)
Things that are here:
a mace of protection; a scale mail You start resting.
HP restored.
Magic restored.
Done exploring.
Done exploring.
There is a stone staircase leading down here.
Unknown command.
Okay, then.
Unknown command.
Saving game... please wait.
Welcome back, MarvinPA the Demonspawn Wanderer.
Saving game... please wait.
Welcome back, MarvinPA the Demonspawn Wanderer.
Done exploring.
Are you sure you want to abandon this character and quit the game? (Confirm with "yes".)

Action                   |  1- 3 |  4- 6 || total
-------------------------+-------+-------++-------
Melee: Dagger            |    96 |       ||    96
       Short sword       |    24 |    28 ||    52
 Cast: Magic Dart        |    36 |     8 ||    44
       Searing Ray       |     2 |     4 ||     6
  Eat: Chunk             |     5 |       ||     5
       Fruit             |       |     5 ||     5

Vault maps used:
D:1:      tarquinn_simple_flora_water_a
D:2:      minmay_crystal_room, uniq_robin, uniq_terence

Notes
Turn   | Place    | Note
--------------------------------------------------------------
     0 | D:1      | MarvinPA, the Demonspawn Wanderer, began the quest for the Orb.
     0 | D:1      | MarvinPA set off with: a book of Minor Magic, the Incunabulum of Attacks, a +0 ring mail, a +0 dagger, a bread ration
     0 | D:1      | Reached XP level 1. HP: 15/15 MP: 1/1
     0 | D:1      | Identified the Incunabulum of Attacks
   127 | D:1      | Reached skill level 1 in Spellcasting
   249 | D:1      | Learned a level 1 spell: Magic Dart
   336 | D:1      | Gained mutation: You can steal the life force of nearby defeated enemies. [demonic ancestry]
   336 | D:1      | Reached XP level 2. HP: 21/21 MP: 3/3
   470 | D:1      | Reached skill level 1 in Conjurations
  1210 | D:2      | Noticed Robin
  1253 | D:1      | Reached XP level 3. HP: 16/26 MP: 0/5
  1452 | D:2      | Learned a level 2 spell: Searing Ray
  1455 | D:2      | Learned a level 2 spell: Call Imp
  1539 | D:2      | Reached skill level 2 in Spellcasting
  1539 | D:2      | Reached skill level 2 in Conjurations
  1911 | D:2      | Reached XP level 4. HP: 30/32 MP: 4/8
  1949 | D:2      | Killed Robin
  2211 | D:2      | Noticed Terence
  2239 | D:2      | Killed Terence
  2341 | D:2      | Upgraded the game from 0.16-a0-4083-g5af668b to 0.16-a0-4088-g7c8221e
  2341 | D:2      | Quit the game

Vanquished Creatures
  Terence (D:2)
  Robin (D:2)
  4 adders
  3 giant geckos (D:1)
  An ooze (D:2)
  3 hobgoblins
  3 kobolds (D:2)
  2 quokkas (D:2)
  7 bats
  10 goblins
  5 rats
40 creatures vanquished.
